 Dungeon Crawl Stone Soup version 0.19-a0-36-g4a0968a (webtiles) character file.

780 M4edhros the Martial Artist (level 7, -3/41 HPs)
             Began as an Octopode Necromancer on May 3, 2016.
             Killed from afar by an orc wizard (6 damage)
             ... with a magic dart
             ... on level 5 of the Dungeon.
             The game lasted 00:07:23 (1104 turns).

M4edhros the Martial Artist (Octopode Necromancer)  Turns: 1104, Time: 00:07:25

Health: -3/41      AC:  3    Str:  7    XL:     7   Next: 85%
Magic:  4/10       EV: 12    Int: 18    God:
Gold:   305        SH:  0    Dex: 14    Spells: 3 memorised, 5 levels left

rFire  . . .     SeeInvis .       - Unarmed
rCold  . . .     Gourm    .     (no shield)
rNeg   + . .     Faith    .     (helmet restricted)
rPois  .         Spirit   .     (no amulet)
rElec  .         Dismiss  .     l - ring of positive energy
rCorr  .         Reflect  .     (no ring)
SustAt .         Harm     .     (no ring)
MR     .....                    (no ring)
Stlth  +++.......               (no ring)
                                (no ring)
                                (no ring)
                                (no ring)

@: very slightly contaminated, hasted, very quick, not resistant to hostile
enchantments, fairly stealthy
A: almost no armour, amphibious, 8 rings, constrict 8, tentacle spike 1, yellow
scales 1, camouflage 1, blink, deterioration 1, gelatinous body 1, MP-powered
wands
a: Blink


You were on level 5 of the Dungeon.
You were very hungry.

You visited 1 branch of the dungeon, and saw 5 of its levels.
You also visited: Ossuary.

You collected 305 gold pieces.

Inventory:

Jewellery
 l - a ring of positive energy (left tentacle)
Scrolls
 c - a scroll of random uselessness {unknown}
 d - a scroll of recharging {unknown}
 e - a scroll of blinking {unknown}
 f - 2 scrolls of identify {unknown}
 i - 2 scrolls of remove curse {unknown}
 n - a scroll of fear {unknown}
 o - a scroll of fog {unknown}
Books
 a - a book of Necromancy

   Spells                             Type                      Level
   a - Pain                           Necromancy                   1
   b - Animate Skeleton               Necromancy                   1
   c - Vampiric Draining              Necromancy                   3
   d - Regeneration                   Charms/Necromancy            3
   e - Animate Dead                   Necromancy                   4
   f - Control Undead                 Necromancy                   4
Comestibles
 b - 2 bread rations
 g - 3 fruits
 h - a beef jerky
 j - 2 slices of pizza


   Skills:
 - Level 2.0 Dodging
 - Level 2.6 Stealth
 + Level 8.4 Unarmed Combat
 - Level 2.0 Spellcasting
 - Level 4.0 Necromancy


You had 5 spell levels left.
You knew the following spells:

 Your Spells              Type           Power        Failure   Level  Hunger
a - Pain                  Necr           ###.         3%          1    #......
b - Animate Skeleton      Necr           N/A          3%          1    #......
r - Regeneration          Chrm/Necr      #.........   24%         3    ###....


Dungeon Overview and Level Annotations

Branches:
Dungeon (5/15)
 Temple: D:4-7

Altars:

Shops:
D:4 ?

Annotations:
D:4 2 exclusions


Innate Abilities, Weirdness & Mutations

You cannot wear most types of armour.
You are amphibious.
You can wear up to eight rings at the same time.
You can use your tentacles to constrict eight enemies at once.
Your skin changes colour to match your surroundings (Stealth).
Your rubbery body absorbs attacks (AC +1).
One of your tentacles bears a spike.
You are partially covered in yellow scales (AC +2).
You can translocate small distances at will.
Your body sometimes deteriorates upon taking damage.
You expend magic power (3 MP) to strengthen your wands.


Message History

You are very lightly contaminated with residual magic.
You bludgeon the orc priest!
You kill the orc priest!
The orc wizard points at you and mumbles some strange words.
The magic dart hits you!
* * * LOW HITPOINT WARNING * * *
Read which item? (? for menu, Esc to quit)
Okay, then.
You aren't carrying any items that you can evoke.
Okay, then.
You barely miss the orc wizard. Your grab misses the orc wizard.
You squeeze the orc wizard.
The orc wizard is moderately wounded.
You barely miss the orc wizard. Your grab misses the orc wizard.
You pierce the orc wizard, but do no damage.
Your tentacle-slap misses the orc wizard.
The orc wizard is moderately wounded.
The orc wizard casts a spell at you. The magic dart hits you!
You die...

'... .....# #... .....# #...
....# ##...####....# #####
#............## #...#
#.............# #...#
#.....).......# #...#
######@).....# ###'##
#...##o)....## #..... ####
#...........# #..... #...
#...##......# #..... #....
+...##......## #..... #....
#...##.......# #.....
#.....#...##.......# #.....
#.....#...........######.....
#.....'...........#..........


You could see an orc wizard.

Vanquished Creatures
  2 sky beasts (D:5)
  3 ogres
  A giant frog (D:5)
  A hound (D:5)
  An orc priest (D:5)
  An iguana (D:4)
  3 worker ants (D:4)
  3 big kobold zombies (Ossuary)
  A hound skeleton (D:5)
  2 mummies (Ossuary)
  An adder (D:5)
  A dart slug (D:2)
  4 orcs
  2 giant cockroaches
  3 goblins
  2 hobgoblins (D:1)
  2 giant newts (D:1)
  4 gnoll zombies (Ossuary)
  5 goblin zombies (Ossuary)
  A hobgoblin zombie (Ossuary)
  An orc zombie (Ossuary)
  A rat (D:1)
45 creatures vanquished.

Notes
Turn   | Place    | Note
--------------------------------------------------------------
     0 | D:1      | M4edhros the Octopode Necromancer began the quest for the Orb.
     0 | D:1      | Reached XP level 1. HP: 11/11 MP: 3/3
    64 | D:1      | Reached skill level 1 in Unarmed Combat
   104 | D:1      | Reached XP level 2. HP: 11/17 MP: 5/5
   113 | D:1      | Learned a level 1 spell: Animate Skeleton
   166 | D:2      | Reached skill level 2 in Unarmed Combat
   178 | D:2      | You fall through a shaft for 2 floors!
   237 | D:4      | Noticed an ogre
   253 | D:4      | Killed an ogre
   253 | D:4      | Reached skill level 4 in Unarmed Combat
   253 | D:4      | Reached XP level 3. HP: 15/21 MP: 6/6
   253 | D:4      | Reached XP level 4. HP: 19/27 MP: 7/7
   261 | D:4      | Reached XP level 5. HP: 22/31 MP: 8/8
   273 | D:4      | Learned a level 3 spell: Regeneration
   302 | D:4      | Reached skill level 5 in Unarmed Combat
   343 | D:4      | Found Kyif's Magic Scroll Boutique.
   363 | D:4      | Found a sand-covered staircase.
   372 | Ossuary  | Entered an ossuary
   505 | Ossuary  | Reached XP level 6. HP: 36/36 MP: 4/9
   636 | D:4      | Reached skill level 6 in Unarmed Combat
   780 | D:5      | Entered Level 5 of the Dungeon
   807 | D:5      | Reached XP level 7. HP: 41/41 MP: 10/10
   915 | D:5      | Reached skill level 7 in Unarmed Combat
   940 | D:5      | Gained mutation: Your body sometimes deteriorates upon taking damage. [mutagenic meat]
   941 | D:5      | Gained mutation: You expend magic power (3 MP) to strengthen your wands. [mutagenic meat]
   942 | D:5      | Gained mutation: One of your tentacles bears a spike. [mutagenic meat]
   943 | D:5      | Gained mutation: You are partially covered in yellow scales (AC +2). [mutagenic meat]
  1022 | D:5      | Gained mutation: You can translocate small distances at will. [mutagenic meat]
  1079 | D:5      | Reached skill level 8 in Unarmed Combat
  1104 | D:5      | Killed from afar by an orc wizard

Vault maps used:
D:1:      dpeg_chamrin_arrival_tetris, grunt_decor_cap
D:3:      zin_academy, minitemple, corner_web_ring, uniq_jessica
D:4:      grunt_pakellas_sulfur, nicolae_ossuary_entry_ruins, serial_shops,
          nicolae_shop_waterfront
D:5:      minmay_temple_entry_enclosed_plants, first_bread,
          minmay_stone_trees_large
Ossuary:  minmay_ossuary_gauntlet

Skill      XL: |  1  2  3  4  5  6  7 |
---------------+----------------------+-----
Unarmed Combat | 1 4 5 6 8 |  8.4
Dodging        | |  2.0
Stealth        | |  2.6
Spellcasting   | |  2.0
Necromancy     | |  4.0

Action                   |  1- 3 |  4- 6 |  7- 9 || total
-------------------------+-------+-------+-------++-------
Melee: Unarmed           |    29 |    92 |    26 ||   147
       Tentacles         |     8 |    12 |     5 ||    25
       Constrict         |     5 |    17 |     4 ||    26
       Punch             |       |     4 |     2 ||     6
       Kick              |       |       |     8 ||     8
 Cast: Pain              |     2 |     3 |    16 ||    21
       Regeneration      |       |     8 |     3 ||    11
       Animate Skeleton  |       |     1 |     1 ||     2
  Use: Potion            |     3 |     1 |     2 ||     6
 Stab: Sleeping          |     2 |     4 |       ||     6
       Distracted        |       |       |     2 ||     2
  Eat: Chunk             |       |       |     7 ||     7
Armor: Skin              |     1 |     9 |     4 ||    14
Dodge: Dodged            |     9 |    30 |    18 ||    57
